 Dungeon Sprint DCSS version 0.18.1-6-gd335043 (webtiles) character file.

418 Hipnos the Grappler (level 6, -4/68 HPs)
             Began as a Draconian Transmuter on May 20, 2016.
             Was an Initiate of Sif Muna.
             Slain by Sonja
             ... wielding a +0 dagger of distortion
              (6 damage)
             ... in the Dungeon (Sprint I: "Red Sonja").
             The game lasted 00:04:14 (668 turns).

Hipnos the Grappler (Draconian Transmuter)           Turns: 668, Time: 00:04:15

Health: -4/68      AC:  5    Str: 15    XL:     6   Next: 61%
Magic:  10/13      EV: 13    Int: 13    God:    Sif Muna [......]
Gold:   309        SH:  0    Dex: 11    Spells: 5 memorised, 0 levels left

rFire  x . .     SeeInvis .       - Unarmed
rCold  + + +     Gourm    .     (armour unavailable)
rNeg   . . .     Faith    .     (shield currently unavailable)
rPois  +         Spirit   .     (helmet currently unavailable)
rElec  .         Dismiss  .     (cloak currently unavailable)
rCorr  .         Reflect  .     (gloves currently unavailable)
SustAt .         Harm     .     (boots currently unavailable)
MR     .....     NoTele   +     (no amulet)
Stlth  +.........               (no ring)
                                (no ring)

@: ice-form, very slightly contaminated, not resistant to hostile enchantments,
very unstealthy
A: unfitting armour, (cold-blooded), AC +6
a: End Transformation, Renounce Religion


You were in the Dungeon.
You worshipped Sif Muna.
Sif Muna was noncommittal.
You were not hungry.
You were a creature of crystalline ice.
You visited 1 branch You collected 309 gold pieces.

Inventory:

Missiles
 a - 10 arrows
Scrolls
 i - a scroll of blinking
Potions
 d - a potion of curing
 f - a potion of haste
 g - 2 potions of magic
 h - a potion of berserk rage
Books
 b - a book of Changes

   Spells                             Type                      Level
   a - Beastly Appendage              Transmutation                1
   b - Sticks to Snakes               Transmutation                2
   c - Spider Form                    Transmutation/Poison         3
   d - Ice Form                       Ice/Transmutation            4
   e - Blade Hands                    Transmutation                5
Comestibles
 c - a bread ration


   Skills:
 * Level 6.1 Fighting
 * Level 7.4 Dodging
 + Level 8.1 Unarmed Combat
 + Level 5.3 Spellcasting
 + Level 5.3 Transmutations


You couldn't memorise any spells.
You knew the following spells:

 Your Spells              Type           Power        Failure   Level  Hunger
a - Beastly Appendage     Trmt           ###...       1%          1    None
b - Sticks to Snakes      Trmt           ###.....     3%          2    ##.....
c - Spider Form           Trmt/Pois      ##........   21%         3    ###....
d - Ice Form              Ice/Trmt       ##......     75%         4    ####...
e - Blade Hands           Trmt           ###.......   63%         5    ######.


Dungeon Overview and Level Annotations

Branches:
Dungeon (1/1)

Altars:
Elyvilon
Gozag
Kikubaaqudgha
Makhleb
Nemelex Xobeh
Okawaru
Pakellas
Qazlal
Ru
Sif Muna
Trog
Vehumet
Xom
Yredelemnul
Zin
The Shining One

Shops:
D *

Annotations:
D Sonja


Innate Abilities, Weirdness & Mutations

((Your plain brown scales are hard (AC +6).))
Your body does not fit into most forms of armour.
((You are cold-blooded and may be slowed by cold attacks.))


Message History

* * * LOW HITPOINT WARNING * * *
You feel a strange sense of stasis.
Sonja hits you with an uncursed dagger of distortion.
* * * LOW HITPOINT WARNING * * *
You feel a strange sense of stasis. Sonja closely misses you.
You punch Sonja! You freeze Sonja.
Sonja is heavily wounded.
Sonja barely misses you.
Sonja hits you with an uncursed dagger of distortion.
* * * LOW HITPOINT WARNING * * *
Space bends around you.
* * * LOW HITPOINT WARNING * * *
Sonja hits you but does no damage. Space bends around you.
* * * LOW HITPOINT WARNING * * *
You closely miss Sonja.
Sonja is heavily wounded.
Sonja hits you with an uncursed dagger of distortion.
* * * LOW HITPOINT WARNING * * *
Space bends around you.
You die...

################
#<.#.)'..#.)'..#
#..').#..'..#..+
#..#####'#####'#
#..####..#...#.#
#..#__####..##.#
#..#_.___##'#..+
#⌠⌠#_.∩...'..K_#
####_..._##_Y#'#
#_____###(#[#
####### #.###
$.$ #$.$# ##.##
#+#


You could see Sonja.

Vanquished Creatures
  Sigmund (D)
  A yak (D)
  An ogre (D)
  A jelly (D)
  Ijyb (D)
5 creatures vanquished.

Notes
Turn   | Place    | Note
--------------------------------------------------------------
     0 | D        | Hipnos the Draconian Transmuter began the quest for the Orb.
     0 | D        | Reached XP level 1. HP: 16/16 MP: 3/3
     1 | D        | Noticed Ijyb
    37 | D        | Killed Ijyb
    37 | D        | Reached skill level 4 in Unarmed Combat
    37 | D        | Reached XP level 2. HP: 9/25 MP: 2/5
    45 | D        | Learned a level 2 spell: Sticks to Snakes
   239 | D        | Noticed an ogre
   250 | D        | Killed an ogre
   250 | D        | Reached skill level 5 in Unarmed Combat
   250 | D        | Reached XP level 3. HP: 33/33 MP: 1/7
   250 | D        | Reached XP level 4. HP: 40/40 MP: 1/9
   335 | D        | Learned a level 3 spell: Spider Form
   336 | D        | Noticed Sigmund
   346 | D        | Killed Sigmund
   346 | D        | Reached skill level 5 in Fighting
   346 | D        | Reached skill level 7 in Unarmed Combat
   346 | D        | Reached XP level 5. HP: 38/48 MP: 7/11
   355 | D        | Learned a level 4 spell: Ice Form
   389 | D        | Found a deep blue altar of Sif Muna.
   391 | D        | Found a radiant altar of Vehumet.
   395 | D        | Became a worshipper of Sif Muna the Loreminder
   400 | D        | Reached XP level 6. HP: 49/56 MP: 7/13
   404 | D        | Found Gasmiss's Assorted Antiques.
   404 | D        | Found a white marble altar of Elyvilon.
   404 | D        | Found a stormy altar of Qazlal.
   404 | D        | Found a burning altar of Makhleb.
   404 | D        | Found a sacrificial altar of Ru.
   404 | D        | Found an oddly glowing altar of Pakellas.
   404 | D        | Found a basalt altar of Yredelemnul.
   404 | D        | Found a glowing golden altar of the Shining One.
   404 | D        | Found a sparkling altar of Nemelex Xobeh.
   404 | D        | Found a shimmering altar of Xom.
   404 | D        | Found an opulent altar of Gozag.
   404 | D        | Found an ancient bone altar of Kikubaaqudgha.
   404 | D        | Found a glowing silver altar of Zin.
   404 | D        | Noticed a yak
   405 | D        | Found an iron altar of Okawaru.
   416 | D        | Killed a yak
   416 | D        | Reached skill level 8 in Unarmed Combat
   416 | D        | Reached skill level 5 in Spellcasting
   416 | D        | Reached skill level 5 in Transmutations
   440 | D        | Found a bloodstained altar of Trog.
   594 | D        | Learned a level 5 spell: Blade Hands
   657 | D        | Noticed Sonja
   668 | D        | HP: 2/68 [Sonja/uncursed dagger of distortion (2)]
   668 | D        | Slain by Sonja

Skill      XL: |  1  2  3  4  5  6 |
---------------+-------------------+-----
Fighting       | 2 3 5 6 |  6.1
Dodging        | 3 4 6 7 |  7.4
Unarmed Combat | 4 5 7 8 |  8.1
Spellcasting   | 3 4 5 |  5.3
Transmutations | 3 4 5 |  5.3

Action                   |  1- 3 |  4- 6 || total
-------------------------+-------+-------++-------
Melee: Unarmed           |    38 |    24 ||    62
       Kick              |     6 |       ||     6
       Tailslap          |     4 |       ||     4
       Headbutt          |     1 |       ||     1
 Cast: Beastly Appendage |     4 |     2 ||     6
       Sticks to Snakes  |     2 |       ||     2
       Spider Form       |       |     2 ||     2
       Ice Form          |       |     1 ||     1
  Use: Potion            |       |     2 ||     2
Armor: Skin              |     7 |     7 ||    14
Dodge: Dodged            |    19 |    21 ||    40
